Map: 16-Bit LE

Players

NuggetMaster

  • Race: Zerg Zerg
  • Spawn Location: 7:00

A.I. 1 (Medium) - Winner!

  • Race: Zerg Zerg
  • Spawn Location: 1:00

VOD

Have the link to the VOD?

Description

Standard

Time

  • Played on: Jan. 3, 2019, 5:30 p.m.
  • Length: 4:50
Show
View Real Time Build Order
Export as new Build Order

NuggetMaster Zerg 

Build Orders: Pool First 

Get SALT Encoding   

  12  0:01  Drone  
  13  0:12  Overlord  
  13  0:17  Drone  
  14  0:30  Drone x2  
  14  0:34  Drone  
  17  0:46  Spawning Pool  
  17  0:49  Drone  
  17  1:11  Hatchery  
  17  1:13  Drone  
  17  1:17  Extractor  
  16  1:19  Drone  
  16  1:23  Drone  
  18  1:34  Queen  
  20  1:42  Overlord  
  20  1:45  Zergling x2  
  21  1:49  Zergling x2  
  22  2:09  Queen  
  24  2:19  Metabolic Boost  
  24  2:21  Zergling x6  
  27  2:24  Zergling x2  
  28  2:32  Queen  
  28  2:35  Drone  
  31  2:42  Overlord  
  31  2:51  Drone x2  
  31  2:53  Drone  
  31  2:56  Drone  
  35  3:00  Drone  
  35  3:04  Drone  
  37  3:15  Drone  
  37  3:18  Roach Warren  
  37  3:23  Drone  
  38  3:27  Drone  
  38  3:28  Drone  
  38  3:29  Drone  
  38  3:33  Drone  
  42  3:39  Overlord  
  42  3:57  Drone  
  42  3:58  Drone  
  42  4:02  Overlord  
  44  4:06  Hatchery  
  43  4:15  Drone x4  
  43  4:16  Drone x2  
  50  4:17  Drone  
  50  4:19  Drone  
  51  4:34  Evolution Chamber  
  51  4:35  Evolution Chamber  
  51  4:37  Drone x2  
  51  4:41  Extractor  
  51  4:42  Extractor  
Show
View Real Time Build Order
Export as new Build Order

A.I. 1 (Medium) Zerg - Winner!

Build Orders: 1 Base Baneling Bust, Pool Only 

Get SALT Encoding   

  12  0:00  Drone  
  13  0:12  Overlord  
  13  0:18  Drone  
  14  0:30  Drone  
  14  0:33  Drone  
  16  0:44  Spawning Pool  
  16  0:46  Drone  
  16  0:50  Drone  
  16  0:53  Extractor  
  16  0:56  Drone  
  17  1:06  Overlord  
  17  1:31  Zergling x2  
  17  1:32  Queen  
  20  1:38  Drone  
  21  1:40  Roach Warren, Zergling x2  
  21  1:41  Extractor  
  20  1:49  Drone  
  21  2:00  Drone  
  22  2:10  Overlord  
  22  2:21  Roach  
  24  2:32  Roach  
  26  2:41  Roach  
  28  2:46  Overlord  
  28  2:50  Drone  
  28  2:51  Roach  
  31  2:57  Drone  
  32  3:08  Drone  
  32  3:09  Baneling Nest  
  32  3:10  Roach  
  32  3:11  Drone  
  35  3:16  Drone  
  36  3:20  Drone  
  37  3:31  Drone  
  37  3:32  Evolution Chamber  
  37  3:41  Roach  
  37  3:45  Overlord, Drone  
Tags
 
Add a new tag
Caveats
  • Supply blocks, unpowered buildings, or Contaminate may cause inaccurate times.
  • Supply counts are checked every 10 seconds.